 Dungeon Crawl Stone Soup version 0.30-a0-778-g2ef04afb54 (console) character file.

Game seed: 10697796760135069984

5341 rlgrobin the Cleaver (level 11, -3/142 HPs)
             Began as a Meteoran Fighter on Feb 17, 2023.
             Was a Priest of Trog.
             Slain by Snorg (12 damage)
             ... on level 3 of the Lair of Beasts.
             The game lasted 00:11:09 (2094 turns).

rlgrobin the Cleaver (Meteoran Fighter)             Turns: 2094, Time: 00:11:10

Health: -3/142     AC: 21    Str: 22    XL:     11   Next: 17%
Magic:  12/12      EV:  4    Int: 10    God:    Trog [***...]
Gold:   205        SH:  5    Dex: 17    Spells: 10/10 levels left

rFire   . . .      SeeInvis .    a - +1 war axe
rCold   + . .      Faith    .    c - +0 buckler
rNeg    . . .      Spirit   .    q - +0 crystal plate armour "Nuilonem" {-Cast Rampage rC+ Regen+ Dex+3}
rPois   .          Reflect  .    (no helmet)
rElec   .          Harm     .    (no cloak)
rCorr   +          Rampage  +    (no gloves)
Will    +....      NoCast   +    u - +0 pair of boots Stlth
                                 l - amulet of the acrobat
HPRegen 1.23/turn                B - ring of resist corrosion
MPRegen 0.13/turn                (no ring)

@: berserking, glowing, very quick
A: sense surroundings 2, otherworldly, glowing, explore regen
a: Renounce Religion, Berserk, Trog's Hand


You were on level 3 of the Lair of Beasts.
You worshipped Trog.
Trog was most pleased with you.
You visited 2 branches of the dungeon, and saw 13 of its levels.
You also visited: Sewer.

You collected 205 gold pieces.

Inventory:

Hand Weapons
 a - a +1 war axe (weapon)
 h - a +2 mace of protection
Armour
 c - a +0 buckler (worn)
 q - the +0 crystal plate armour "Nuilonem" (worn) {-Cast Rampage rC+ Regen+ Dex+3}
   (You acquired it on level 8 of the Dungeon)

   Dex:       It affects your dexterity (+3).
   rC:        It protects you from cold.
   -Cast:     It prevents spellcasting.
   Regen:     It increases your rate of health regeneration.
   Rampage:   It bestows one free step when moving towards enemies.
 t - a +1 plate armour of willpower
 u - a +0 pair of boots (worn)
Jewellery
 l - an amulet of the acrobat (around neck)
 B - a ring of resist corrosion (left hand)
Wands
 x - a wand of polymorph (3)
 A - a wand of flame (15)
Scrolls
 e - a scroll of teleportation
 o - a scroll of fog
 y - a scroll of enchant weapon
Potions
 d - 4 potions of might
 f - a potion of berserk rage {unknown}
 g - a potion of ambrosia
 i - 2 potions of cancellation
 j - 2 potions of haste
 k - 4 potions of mutation
 m - a potion of heal wounds {unknown}
 n - 2 potions of flight {unknown}
 p - a potion of attraction
 r - a potion of curing {unknown}
 v - a potion of degeneration {unknown}


   Skills:
 - Level 8.6 Fighting
 + Level 14.0 Axes
 - Level 9.4 Armour
 - Level 3.6 Shields


You had 10 spell levels left.
You didn't know any spells.
Your spell library was empty.

Dungeon Overview and Level Annotations

Branches:
Dungeon (10/15) Zot: 4526  Temple (0/1) D:4            Lair (3/5) D:9 Zot: 1459
 Shoals (0/4) Lair:3       Spider (0/4) Lair:3        Sewer (visited)
    Orc: D:9-12

Altars:
Trog
Vehumet

Shops:
D:3 *??

Annotations:
Lair:3 Snorg


Innate Abilities, Weirdness & Mutations

You passively map the area around you.
You are easily found by Zot.
You glow in the dark.
You regain HP and MP as you explore.


Message History

Snorg is moderately wounded.
Snorg bites you!! Snorg claws you! You block Snorg's attack.
You hit Snorg.
Snorg is moderately wounded.
Snorg bites you but does no damage. You block Snorg's attack. Snorg claws you!
You block Snorg's attack. Snorg claws you but does no damage. x2
Okay, then.
Throw: dart (curare)
Press: ? - help, Q - select action, (/) - cycle Shift-Dir - straight line, f - Snorg
Aim: Snorg (moderately wounded, berserk, 64% to hit)
You throw a curare-tipped dart.
The curare-tipped dart closely misses Snorg.
Snorg bites you but does no damage. Snorg claws you. You block Snorg's attack.
A red film seems to cover your vision as you go berserk!
You feel yourself moving faster!
You feel mighty! You block Snorg's attack. x2
Snorg barely misses you. Snorg bites you!!
* * * LOW HITPOINT WARNING * * *
Snorg claws you!
* * * LOW HITPOINT WARNING * * *
Snorg completely misses you.
You slice Snorg!!
Snorg is moderately wounded.
Snorg bites you.
* * * LOW HITPOINT WARNING * * *
Snorg claws you.
* * * LOW HITPOINT WARNING * * *
Snorg claws you but does no damage.
You hit Snorg.
Snorg is moderately wounded.
Snorg bites you.
* * * LOW HITPOINT WARNING * * *
Snorg claws you!
* * * LOW HITPOINT WARNING * * *
You block Snorg's attack.
You barely miss Snorg.
Snorg is moderately wounded.
You slash Snorg!
Snorg is heavily wounded.
Snorg bites you!
You die...

##*## **************##*
######.#.#####
**,**,*,,##.)##.####.##.##.##.#.#
,,,,,,,,,(.....T@................
,,,,,+*,,#.......................
,,,,,,,,,......#.#.########......
,,,,,,,,,......##### #......
,,,,,,,,,.....,* #......
,,,,***,*P....,* ##......
+,*,,,,,.....,,* #.......
,,,,,,,,.....,*** #.......
,,,,,,,,.....,,,* #.......


You could see Snorg (berserk).

Vanquished Creatures
  A cane toad (Lair:3)
  A torpor snail (Lair:3)
  A rime drake (Lair:3)
  2 komodo dragons (D:9)
  A polar bear (Lair:2)
  2 dream sheep (Lair:3)
  8 yaks
  A wyvern (Lair:3)
  A steam dragon (D:9)
  2 water moccasins (Lair:3)
  5 black bears
  An orc warrior (D:7)
  2 ogres
  A phantom (D:6)
  2 kobold brigands (D:9)
  7 bullfrogs
  A hound (D:6)
  An orc priest (D:7)
  A jelly (D:7)
  3 orc wizards
  7 adders
  8 river rats (Sewer)
  A worm (D:3)
  7 orcs
  3 bats
  4 giant cockroaches (D:3)
  2 goblins
  5 hobgoblins
  10 kobolds
  16 ball pythons
  29 rats
136 creatures vanquished.

Vanquished Creatures (others)
  A bush (Lair:1)
  45 fungi
  47 plants
93 creatures vanquished.

Grand Total: 229 creatures vanquished

Notes
Turn   | Place    | Note
-------+----------+-------------------------------------------
     0 | D:1      | rlgrobin the Meteoran Fighter began the quest for the Orb.
     0 | D:1      | Reached XP level 1. HP: 19/19 MP: 2/2
   118 | D:1      | Reached skill level 3 in Axes
   118 | D:1      | Reached XP level 2. HP: 26/26 MP: 3/3
   232 | D:2      | Found a bloodstained altar of Trog.
   245 | D:2      | Became a worshipper of Trog the Wrathful
   306 | D:3      | Reached skill level 4 in Axes
   306 | D:3      | Reached XP level 3. HP: 29/31 MP: 4/4
   393 | D:3      | Found Fit Gour's Magic Scroll Boutique.
   426 | D:3      | Found Regaa's Magic Scroll Emporium.
   441 | D:3      | Found Muuzyun's Assorted Antiques.
   453 | D:3      | Reached XP level 4. HP: 38/38 MP: 5/5
   467 | D:3      | Found a glowing drain.
   519 | D:3      | Reached skill level 5 in Axes
   535 | Sewer    | Entered a sewer
   557 | Sewer    | Reached * piety under Trog
   558 | Sewer    | Reached XP level 5. HP: 45/45 MP: 6/6
   654 | Sewer    | Reached skill level 6 in Axes
   758 | Sewer    | Reached XP level 6. HP: 43/51 MP: 7/7
   760 | Sewer    | Reached ** piety under Trog
   847 | Sewer    | Reached skill level 7 in Axes
   849 | Sewer    | Reached skill level 8 in Axes
   849 | Sewer    | Reached XP level 7. HP: 57/57 MP: 8/8
   956 | D:4      | Found a staircase to the Ecumenical Temple.
   962 | D:5      | Entered Level 5 of the Dungeon
  1105 | D:6      | Reached skill level 9 in Axes
  1124 | D:6      | Reached XP level 8. HP: 12/63 MP: 9/9
  1316 | D:7      | Reached skill level 10 in Axes
  1504 | D:8      | Identified a scroll of acquirement
  1504 | D:8      | Acquired the +0 crystal plate armour "Nuilonem" {-Cast
                  | Rampage rC+ Regen+ Dex+3}
  1612 | D:10     | Entered Level 10 of the Dungeon
  1623 | D:9      | Found a radiant altar of Vehumet.
  1639 | D:9      | Reached skill level 5 in Armour
  1640 | D:9      | Found a staircase to the Lair.
  1641 | D:9      | Noticed a steam dragon
  1656 | D:9      | Reached skill level 5 in Fighting
  1660 | D:9      | Noticed a komodo dragon
  1665 | D:9      | Killed a steam dragon
  1666 | D:9      | Gained mutation: You passively map the area around you.
                  | [Meteoran growth]
  1666 | D:9      | Reached XP level 9. HP: 64/74 MP: 10/10
  1666 | D:9      | Noticed a komodo dragon
  1672 | D:9      | Killed a komodo dragon
  1687 | D:9      | Killed a komodo dragon
  1690 | D:9      | Reached *** piety under Trog
  1777 | Lair:1   | Entered Level 1 of the Lair of Beasts
  1787 | Lair:1   | Reached XP level 10. HP: 88/88 MP: 11/11
  1860 | Lair:2   | Reached skill level 11 in Axes
  1867 | Lair:2   | Reached skill level 12 in Axes
  1945 | Lair:3   | Noticed a rime drake
  1960 | Lair:3   | Killed a rime drake
  1992 | Lair:3   | Noticed a torpor snail
  1994 | Lair:3   | Noticed a cane toad
  2000 | Lair:3   | Reached skill level 13 in Axes
  2002 | Lair:3   | Killed a torpor snail
  2003 | Lair:3   | Reached XP level 11. HP: 55/95 MP: 12/12
  2009 | Lair:3   | Reached skill level 14 in Axes
  2083 | Lair:3   | Noticed Snorg
  2094 | Lair:3   | Slain by Snorg

Illustrated notes

Levels and vault maps discovered:
D:1:      tarquinn_simple_flora_water_f, layout_loops_ring,
          shapermc_ecumenical_altar_gd, serial_shops,
          nicolae_shop_advertising_works [nicolae_subvault_shop_adworks]
D:2:      layout_basic, basic_altar, minivault_24, minivault_24,
          grunt_decor_arrowhead
D:3:      layout_loops_ring, serial_shops, nicolae_shop_hallway_plus,
          shop_fountains, shop, gup_sewer_entry_glass
D:4:      layout_cave_pods, grunt_qazlal_clouds, minmay_temple_entry_statues
D:5:      layout_loops_corners, nicolae_ru_sacrificial_ziggurat,
          chequers_serial_rivers_small_3
D:6:      layout_basic, nemelex_diamond_rough_becter
D:7:      layout_basic, lemuel_blue_sif_altar, small_statue_intersection,
          uniq_crazy_yiuf_cottage
D:8:      layout_loops_corners
D:9:      layout_small_grid, vehumet_crystals, lemuel_tele_altar,
          due_lair_maze_entry_diamond, serial_shops, nicolae_take_the_stairs
D:10:     layout_basic, mainiacjoe_overflow_concentric_impassable,
          ebering_ghost_gozag, uniq_harold, uniq_grum
Lair:1:   layout_cave_pods, serial_bayou_ford_a, minivault_11, minmay_hedge_maze
Lair:2:   beast_lair_carwin_large_4, layout_misc_corridors
Lair:3:   layout_chaotic_city, nicolae_shoals_entry_roost,
          nicolae_spider_entry_non_spiders, uniq_snorg

Skill      XL: |  1  2  3  4  5  6  7  8  9 10 11 |
---------------+----------------------------------+-----
Axes           | 3 4 5 6 8 9 10 13 14 | 14.0
Armour         | 5 8 9 |  9.4
Fighting       | 5 7 8 |  8.6
Shields        | |  3.6

Action                     |  1- 3 |  4- 6 |  7- 9 | 10-12 || total
---------------------------+-------+-------+-------+-------++-------
  Melee: War axe           |    53 |   145 |   148 |    65 ||   411
  Throw: Dart              |       |       |       |     1 ||     1
 Invoke: Berserk           |       |     1 |     5 |     3 ||     9
    Use: Scroll            |     5 |     2 |     2 |     7 ||    16
 Armour: Scale mail        |    20 |    77 |    15 |       ||   112
         Crystal plate arm |       |       |    73 |    69 ||   142
         Plate armour      |       |       |     6 |       ||     6
  Dodge: Dodged            |    18 |    63 |    50 |    18 ||   149
  Block: Buckler           |    20 |    48 |    36 |    32 ||   136

Table legend: (Time is in decaauts)
 A = Elapsed time spent in this place.
 B = Non-inter-level travel time spent in this place.
 C = Inter-level travel time spent in this place.
 D = Time resting spent in this place.
 E = Time spent auto-exploring this place.
 F = Levels seen in this place.
 G = Mean time per level.
                   A        B        C        D        E       F      G
               +--------+--------+--------+--------+--------+-----+--------+
         Total |   2277 |   2277 |      0 |    239 |      0 |  14 |  162.6 |
       Dungeon |   1473 |   1473 |      0 |     97 |      0 |  10 |  147.3 |
          Lair |    339 |    339 |      0 |     96 |      0 |   3 |  113.0 |
         Sewer |    464 |    464 |      0 |     46 |      0 |   1 |  464.0 |
               +--------+--------+--------+--------+--------+-----+--------+

Top non-repeatable levels by time:
   Sewer: 464 daAuts
     D:7: 329 daAuts
     D:3: 303 daAuts
     D:9: 235 daAuts
     D:1: 175 daAuts
  Lair:3: 155 daAuts
  Lair:2: 128 daAuts
     D:5: 126 daAuts
     D:2: 122 daAuts
     D:8: 93 daAuts
     D:6: 76 daAuts
  Lair:1: 55 daAuts
     D:4: 9 daAuts
    D:10: 1 daAuts
